 Dungeon Crawl Stone Soup version 0.31-a0-865-g3d5d91748a (webtiles) character file.

Game seed: 2177518653481161621

166 CowFu the Vexing (level 5, 0/41 HPs)
             Began as a Gnoll Hexslinger on Oct 11, 2023.
             Slain by an orc wizard
             ... wielding a +0 dagger
              (1 damage)
             ... on level 3 of the Dungeon.
             The game lasted 00:03:50 (2147 turns).

CowFu the Vexing (Gnoll Hexslinger)                 Turns: 2147, Time: 00:03:51

Health: 0/41       AC:  2    Str:  8    XL:     5   Next: 47%
Magic:  9/9        EV:  7    Int: 12    God:
Gold:   103        SH:  0    Dex: 16    Spells: 8/10 levels left

rFire   . . .        b - +2 dagger (venom)
rCold   . . .        i - +0 tower shield
rNeg    . . .        c - +0 robe
rPois   .            (no helmet)
rElec   .            (no cloak)
rCorr   .            (no gloves)
SInv    .            (no boots)
Will    .....        (no amulet)
Stlth   +            (no ring)
HPRegen 0.26/turn    (no ring)
MPRegen 0.11/turn

%: no passive effects
@: confused
A: fangs 1, strong nose, distributed training
a: no special abilities


You were on level 3 of the Dungeon.
You visited 1 branch of the dungeon, and saw 3 of its levels.

You collected 103 gold pieces.

Inventory:

Hand Weapons
 a - a +1 sling
 b - a +2 dagger of venom (weapon)
Armour
 c - a +0 robe (worn)
 i - a +0 tower shield (worn)
Jewellery
 p - an amulet of regeneration
Talismans
 l - a blade talisman
Scrolls
 e - a scroll of immolation
 h - a scroll of poison
 o - a scroll of vulnerability {unknown}
Potions
 d - 2 potions of attraction {unknown}
 f - a potion of mutation {unknown}
 g - 3 potions of resistance {unknown}
 j - a potion of haste {unknown}
 k - a potion of degeneration {unknown}
 m - a potion of heal wounds {unknown}
 n - a potion of might {unknown}
 q - 2 potions of brilliance {unknown}
 r - 2 potions of curing {unknown}


   Skills:
 + Level 3.0 Fighting
 + Level 1.5 Short Blades
 + Level 1.5 Long Blades
 + Level 1.5 Axes
 + Level 1.5 Maces & Flails
 + Level 1.5 Polearms
 + Level 1.5 Staves
 + Level 4.8 Ranged Weapons
 + Level 1.5 Throwing
 + Level 1.5 Armour
 + Level 4.8 Dodging
 + Level 1.5 Stealth
 + Level 1.5 Shields
 + Level 1.5 Unarmed Combat
 + Level 3.2 Spellcasting
 + Level 1.2 Conjurations
 + Level 5.5 Hexes
 + Level 1.2 Summonings
 + Level 1.2 Necromancy
 + Level 1.2 Translocations
 + Level 1.2 Transmutations
 + Level 2.4 Fire Magic
 + Level 1.2 Ice Magic
 + Level 1.2 Air Magic
 + Level 1.2 Earth Magic
 + Level 1.2 Poison Magic
 + Level 1.7 Invocations
 + Level 1.5 Evocations
 + Level 1.4 Shapeshifting


You had 8 spell levels left.
You knew the following spells:

 Your Spells              Type           Power      Damage    Failure   Level
a - Jinxbite              Hex            30%        N/A       95%         2

Your spell library contained the following spells:

 Spells                   Type           Power      Damage    Failure   Level
 Sigil of Binding         Hex            15%        N/A       99%         3
 Inner Flame              Hex/Fire       11%        N/A       100%        3
 Cause Fear               Hex            7%         N/A       100%        4
 Dimensional Bullseye     Hex/Tloc       5%         N/A       100%        4


Dungeon Overview and Level Annotations

Branches:
Dungeon (3/15)

Altars:


Innate Abilities, Weirdness & Mutations

You have very sharp teeth.
Your uncanny sense of smell can sniff out nearby items.
Your experience applies equally to all skills.


Message History

The orc wizard flickers and vanishes!
Deactivating autopickup; reactivate with Ctrl-A.
The orc throws a boomerang.
The boomerang hits you.
The orc throws a boomerang.
The boomerang hits you.
The orc throws a boomerang.
The boomerang barely misses you. You block the orc's attack.
You hit the orc but do no damage.
The orc is poisoned.
Your bite misses the orc. You block the orc's attack.
You hit the orc but do no damage.
The orc looks as sick as possible!
You block the orc's attack. x2
You hit the orc but do no damage.
The orc looks as sick as possible!
The orc is moderately wounded.
You kill the orc!
A magic dart appears from out of thin air!
The magic dart hits you!
You are too injured to fight recklessly!
You are too injured to fight recklessly!
You are too injured to fight recklessly!
You hit the orc priest.
The orc priest is poisoned.
The orc priest is moderately wounded.
The orc priest mumbles some strange prayers to Beogh against you.
Beogh smites you!
* * * LOW HITPOINT WARNING * * *
The orc priest closely misses you.
You hit the orc priest.
The orc priest looks as sick as possible!
Your bite misses the orc priest.
The orc priest is heavily wounded.
You kill the orc priest!
You hear some strange, mumbled words.
Something tries to affect you, but you resist.
You hear some strange, mumbled words.
You are confused.
Your Fighting skill increases to level 3!
Something hits you.
* * * LOW HITPOINT WARNING * * *
Items here: ( )) [ ††.
You completely miss something. Something hits you but does no damage.
Something hits you.
You die...

...........oo....†).
...).....o..#..o...
####.........# .o...
.............#......
..##.##'###.........
..'......##.........
..######.......... #
#{...........
#@####....... ####
#.# ....... #... #.#
#####..# #... #.#
#......####... #.#
#......#...... #.#
#............. #.#
#............† #.#
#......##.#... ∆ #.#
#......##.#...


There were no monsters in sight!

Vanquished Creatures
  An orc priest (D:3)
  An iguana (D:2)
  Terence (D:3)
  An adder (D:2)
  A dart slug (D:1)
  11 orcs (D:3)
  8 bats
  4 endoplasms
  2 giant cockroaches (D:2)
  9 goblins
  4 hobgoblins
  3 quokkas
  A ball python (D:1)
  4 kobolds
  8 rats
59 creatures vanquished.

Vanquished Creatures (others)
  A kobold (D:2)
1 creature vanquished.

Grand Total: 60 creatures vanquished

Notes
Turn   | Place    | Note
-------+----------+-------------------------------------------
     0 | D:1      | CowFu the Gnoll Hexslinger began the quest for the Orb.
     0 | D:1      | Reached XP level 1. HP: 17/17 MP: 4/4
    49 | D:1      | Reached XP level 2. HP: 15/23 MP: 5/5
    52 | D:1      | Learned a level 2 spell: Jinxbite
   175 | D:1      | Found a faded altar of an unknown god.
   652 | D:1      | Reached XP level 3. HP: 28/28 MP: 4/7
  1083 | D:2      | Reached skill level 1 in Short Blades
  1083 | D:2      | Reached skill level 1 in Long Blades
  1083 | D:2      | Reached skill level 1 in Axes
  1083 | D:2      | Reached skill level 1 in Maces & Flails
  1083 | D:2      | Reached skill level 1 in Polearms
  1083 | D:2      | Reached skill level 1 in Staves
  1083 | D:2      | Reached skill level 1 in Throwing
  1083 | D:2      | Reached skill level 1 in Armour
  1083 | D:2      | Reached skill level 1 in Stealth
  1083 | D:2      | Reached skill level 1 in Shields
  1083 | D:2      | Reached skill level 1 in Unarmed Combat
  1083 | D:2      | Reached skill level 1 in Invocations
  1083 | D:2      | Reached skill level 1 in Evocations
  1083 | D:2      | Reached skill level 1 in Shapeshifting
  1083 | D:2      | Reached XP level 4. HP: 12/34 MP: 8/8
  1600 | D:2      | Reached skill level 1 in Conjurations
  1600 | D:2      | Reached skill level 1 in Summonings
  1600 | D:2      | Reached skill level 1 in Necromancy
  1600 | D:2      | Reached skill level 1 in Translocations
  1600 | D:2      | Reached skill level 1 in Transmutations
  1600 | D:2      | Reached skill level 1 in Ice Magic
  1600 | D:2      | Reached skill level 1 in Air Magic
  1600 | D:2      | Reached skill level 1 in Earth Magic
  1600 | D:2      | Reached skill level 1 in Poison Magic
  1887 | D:3      | Noticed Terence
  1895 | D:3      | Killed Terence
  1896 | D:3      | Reached XP level 5. HP: 33/40 MP: 9/9
  2144 | D:3      | HP: 2/40 [orc priest/divine providence (14)]
  2147 | D:3      | Slain by an orc wizard

Illustrated notes

Levels and vault maps discovered:
D:1:      tarquinn_simple_flora_water_b, layout_loops_cross,
          shapermc_ecumenical_altar_mp_ritualfount
D:2:      layout_rooms, dreamdust_princess_bridge, lemuel_flame_loot_1
D:3:      layout_basic, uniq_terence

Skill      XL: |  1  2  3  4  5 |
---------------+----------------+-----
Fire Magic     | 2 |  2.4
Short Blades   | 1 |  1.5
Long Blades    | 1 |  1.5
Axes           | 1 |  1.5
Maces & Flails | 1 |  1.5
Polearms       | 1 |  1.5
Staves         | 1 |  1.5
Throwing       | 1 |  1.5
Armour         | 1 |  1.5
Stealth        | 1 |  1.5
Shields        | 1 |  1.5
Unarmed Combat | 1 |  1.5
Invocations    | 1 |  1.7
Evocations     | 1 |  1.5
Shapeshifting  | 1 |  1.4
Spellcasting   | 3 |  3.2
Conjurations   | 1 |  1.2
Summonings     | 1 |  1.2
Necromancy     | 1 |  1.2
Translocations | 1 |  1.2
Transmutations | 1 |  1.2
Ice Magic      | 1 |  1.2
Air Magic      | 1 |  1.2
Earth Magic    | 1 |  1.2
Poison Magic   | 1 |  1.2
Fighting       | 3 |  3.0
Ranged Weapons | |  4.8
Dodging        | |  4.8
Hexes          | |  5.5

Action                     |  1- 3 |  4- 6 || total
---------------------------+-------+-------++-------
  Melee: Dagger            |       |    24 ||    24
         Bite              |       |     4 ||     4
   Fire: Sling             |    56 |    63 ||   119
   Cast: Jinxbite          |    15 |       ||    15
    Use: Scroll            |       |     3 ||     3
 Armour: Robe              |    10 |    40 ||    50
  Dodge: Dodged            |     7 |    18 ||    25
  Block: Tower shield      |    11 |    43 ||    54

Table legend: (Time is in decaauts)
 A = Elapsed time spent in this place.
 B = Non-inter-level travel time spent in this place.
 C = Inter-level travel time spent in this place.
 D = Time resting spent in this place.
 E = Time spent auto-exploring this place.
 F = Levels seen in this place.
 G = Mean time per level.
                   A        B        C        D        E       F      G
               +--------+--------+--------+--------+--------+-----+--------+
         Total |   2228 |   2130 |     98 |      0 |   1703 |   3 |  742.7 |
       Dungeon |   2228 |   2130 |     98 |      0 |   1703 |   3 |  742.7 |
               +--------+--------+--------+--------+--------+-----+--------+

Top non-repeatable levels by time:
     D:1: 1014 daAuts
     D:2: 748 daAuts
     D:3: 466 daAuts
